 Dungeon Crawl Stone Soup version 0.23-a0-473-gc8aadda (webtiles) character file.

25 theanonym the Skirmisher (level 2, 0/23 HPs)
             Began as a Mummy Warper on Nov 28, 2018.
             Slain by an adder (1 damage)
             ... on level 1 of the Dungeon.
             The game lasted 00:00:53 (1167 turns).

theanonym the Skirmisher (Mummy Warper)             Turns: 1167, Time: 00:00:54

Health: 0/23       AC:  3    Str: 14    XL:     2   Next: 86%
Magic:  5/5        EV: 11    Int: 12    God:
Gold:   44         SH:  0    Dex: 11    Spells: 6/6 levels left

rFire    x . .     SeeInvis .   a - +0 short sword
rCold    + . .     Gourm    .   (no shield)
rNeg     + + +     Faith    .   b - +0 leather armour
rPois    ∞         Spirit   .   (no helmet)
rElec    .         Reflect  .   (no cloak)
rCorr    .         Harm     .   (no gloves)
MR       .....                  (no boots)
Stlth    +.........             (no amulet)
HPRegen  0.07/turn              g - ring of positive energy
MPRegen  0.09/turn              (no ring)

@: no status effects
A: no food or potions, fire vulnerability, cold resistance 1, negative energy
resistance 3, torment resistance, unbreathing
a: no special abilities


Innate Abilities, Weirdness & Mutations

You do not eat or drink.
Your flesh is vulnerable to fire.
You are immune to poison.
Your flesh is cold resistant. (rC+)
You are immune to negative energy. (rN+++)
You are immune to unholy pain and torment.
You can survive without breathing.


   Skills:
 + Level 2.8 Fighting
 + Level 2.2 Short Blades
 - Level 0.7 Throwing
 - Level 0.7 Armour
 - Level 1.5 Dodging
 - Level 2.6 Spellcasting
   Level 2.4 Translocations


You had 6 spell levels left.
You didn't know any spells.
Your spell library contained the following spells:

 Spells                   Type           Power        Failure   Level  Hunger
 Blink                    Tloc           N/A          19%         2    N/A
 Shroud of Golubria       Chrm/Tloc      #.........   30%         2    N/A
 Gell's Gravitas          Tloc           #.........   34%         3    N/A
 Lesser Beckoning         Tloc           #.........   34%         3    N/A
 Teleport Other           Tloc           #.......     34%         3    N/A
 Passage of Golubria      Tloc           N/A          75%         4    N/A

Skill      XL: |  1  2 |
---------------+-------+-----
Short Blades   | 2 |  2.2
Fighting       | |  2.8
Throwing       | |  0.7
Armour         | |  0.7
Dodging        | |  1.5
Spellcasting   | |  2.6
Translocations | |  2.4

Action                   || total
-------------------------++-------
Melee: Short sword       ||    68
Throw: Tomahawk          ||     1
Armor: Leather armour    ||    23
Dodge: Dodged            ||    44

Inventory:

Hand Weapons
 a - a +0 short sword (weapon)
Missiles
 e - 4 tomahawks of dispersal (quivered)
Armour
 b - a +0 leather armour (worn)
Jewellery
 g - a ring of positive energy (left hand)
   (You found it on level 1 of the Dungeon)
Scrolls
 c - a scroll of immolation {unknown}
 d - 2 scrolls of random uselessness {unknown}
 f - 6 scrolls of identify {unknown}
 h - 2 scrolls of remove curse {unknown}
 i - a scroll of teleportation {unknown}
 B - a scroll of blinking


You were on level 1 of the Dungeon.
You were not hungry.

You visited 1 branch of the dungeon, and saw 2 of its levels.

You collected 44 gold pieces.

Dungeon Overview and Level Annotations

Branches:
Dungeon (2/15)

Altars:

♣.♣PPP..†'.....##........#
♣♣.♣P.####.....##........#
♣♣♣PP# ##########.#######
P ♣..# #........ P♣♣..##
#.####### ..♣..# #.#
#..### #.#
.....##############.#
...............S@†..#
...#.################
.#.#.# .#.#.# .#....
####.# ###


You could see an adder.

Notes
Turn   | Place    | Note
-------+----------+-------------------------------------------
     0 | D:1      | theanonym the Mummy Warper began the quest for the Orb.
     0 | D:1      | Reached XP level 1. HP: 16/16 MP: 4/4
    54 | D:1      | HP: 6/16 [hobgoblin (3)]
    59 | D:1      | Reached XP level 2. HP: 9/23 MP: 5/5
   268 | D:1      | Reached skill level 2 in Short Blades
   311 | D:1      | HP: 10/23 [ooze (5)]
   314 | D:1      | HP: 3/23 [ooze (3)]
  1141 | D:1      | You fall through a shaft!
  1153 | D:1      | HP: 10/23 [adder (4)]
  1163 | D:1      | HP: 7/23 [adder (1)]
  1166 | D:1      | HP: 1/23 [adder (5)]
  1167 | D:1      | Slain by an adder

Vanquished Creatures
  An ooze (D:1)
  A dart slug (D:1)
  A leopard gecko (D:1)
  2 goblins (D:1)
  4 hobgoblins (D:1)
  A jackal (D:1)
  2 bats (D:1)
  2 frilled lizards (D:1)
  2 kobolds (D:1)
  2 rats (D:1)
18 creatures vanquished.

Table legend:
 A = Turns spent in this place as a percentage of turns spent in the entire game.
 B = Non-inter-level travel turns spent in this place as a percentage of non-inter-level travel turns spent in the entire game.
 C = Inter-level travel turns spent in this place as a percentage of turns spent in this place.
 D = Turns resting spent in this place as a percentage of non-inter-level travel turns spent in this place.
 E = Turns spent auto-exploring this place as a percentage of non-inter-level travel turns spent in this place.
 F = Non-inter-level travel turns spent in this place divided by the number of levels of this place that you've seen.
                   A       B       C       D       E      F
               +-------+-------+-------+-------+-------+----------------------
         Total | 100.0 | 100.0 |   0.0 |  39.2 |  49.9 | 583.5
       Dungeon | 100.0 | 100.0 |   0.0 |  39.2 |  49.9 | 583.5
               +-------+-------+-------+-------+-------+----------------------
